 Dungeon Crawl Stone Soup version 0.16-a0-2461-ge8ce426 (webtiles) character file.

8999 PolkaDot the Summoner (level 11, -4/68 HPs)
             Began as a Vampire Summoner on Nov 19, 2014.
             Was a High Priest of Sif Muna.
             Slain by a raven (11 damage)
             ... led by a tengu warrior
             ... on level 11 of the Dungeon.
             The game lasted 00:51:32 (13959 turns).

PolkaDot the Summoner (Vampire Summoner)           Turns: 13959, Time: 00:51:33

Health: -4/68      AC:  8    Str: 11    XL:     11   Next: 17%
Magic:  2/20       EV: 13    Int: 20    God:    Sif Muna [*****.]
Gold:   229        SH:  0    Dex: 20    Spells: 6 memorised, 1 level left

rFire  + . .     SeeInvis +     F - staff of air
rCold  + . .     Clarity  .     C - +0 leather armour {rF+}
rNeg   . . .     SustAb   .     (no shield)
rPois  .         Gourm    .     h - +2 helmet
rElec  +         Spirit   .     o - +0 cloak
rCorr  .         Warding  .     (no gloves)
rMut   .         Stasis   .     (no boots)
MR     +....                    E - amulet of faith
Stlth  +++.......               B - ring of Lauth {+Blink Str+4 SInv}
                                n - +6 ring of dexterity

@: regenerating quickly, somewhat resistant to hostile enchantments, fairly
stealthy
A: bottle blood, fangs 3, see invisible, cold resistance 1, shaggy fur 1,
unbreathing
a: Channel Energy, Forget Spell, Renounce Religion, Evoke Blink


You were on level 11 of the Dungeon.
You worshipped Sif Muna.
Sif Muna was extremely pleased with you.
You were very full.

You visited 3 branches of the dungeon, and saw 13 of its levels.

You collected 439 gold pieces.
You spent 210 gold pieces at shops.

Inventory:

Hand weapons
 g - a +4 dagger of freezing
Missiles
 v - a throwing net (quivered)
Armour
 h - a +2 helmet (worn)
 o - a +0 cloak (worn)
 C - a +0 leather armour of fire resistance (worn)
Magical staves
 F - an uncursed staff of air (weapon)
Jewellery
 n - a +6 ring of dexterity (left hand)
 B - the ring of Lauth (right hand) {+Blink Str+4 SInv}
   (You took it off an orc on level 8 of the Dungeon)

   [ring of strength]

   It affects your strength (+4).
   It enhances your eyesight.
   It lets you blink.
 E - an amulet of faith (around neck)
 I - a +2 ring of dexterity
 M - an uncursed amulet of warding {unknown}
Magical devices
 c - a wand of draining (3)
 e - a wand of cold (8)
 i - a wand of flame (6)
 t - a wand of enslavement (0)
 z - a wand of fireball (5)
 J - a wand of hasting (5)
Scrolls
 j - 4 scrolls of fear
 k - a scroll of fog {unknown}
 l - 4 scrolls of remove curse
 m - 4 scrolls of enchant weapon
 p - a scroll of noise {unknown}
 q - 2 scrolls of magic mapping
 s - 5 scrolls of teleportation
 w - a scroll of amnesia
 x - a scroll of recharging
 A - 3 scrolls of enchant armour
Potions
 d - a potion of invisibility
 f - a potion of cure mutation {!q}
 r - a potion of heal wounds
 u - 2 potions of restore abilities
 D - 2 potions of curing
 K - 14 potions of blood {@*1}
 L - a potion of agility {unknown}
Books
 a - a book of Wizardry

   Spells                             Type                      Level
   Agony                              Necromancy                   5
   Force Lance                        Conjuration                  5
   Dispersal                          Translocation                6
   Haste                              Charms                       6
   Invisibility                       Hexes                        6
   Spellforged Servitor               Conjuration/Summoning        7
 b - a book of Callings

   Spells                             Type                      Level
   *Summon Small Mammal               Summoning                    1
   *Call Imp                          Summoning                    2
   *Call Canine Familiar              Summoning                    3
   Summon Guardian Golem              Hexes/Summoning              4
   *Summon Lightning Spire            Summoning/Air                4
   *Summon Ice Beast                  Ice/Summoning                4
 y - a book of Frost

   Spells                             Type                      Level
   Freeze                             Ice                          1
   Throw Frost                        Conjuration/Ice              2
   Ozocubu's Armour                   Charms/Ice                   3
   Throw Icicle                       Conjuration/Ice              4
   *Summon Ice Beast                  Ice/Summoning                4
   Condensation Shield                Ice                          4
 G - a book of Ice

   Spells                             Type                      Level
   Ice Form                           Ice/Transmutation            4
   Metabolic Englaciation             Hexes/Ice                    5
   Ozocubu's Refrigeration            Ice                          6
   Bolt of Cold                       Conjuration/Ice              6
   Freezing Cloud                     Conjuration/Ice/Air          6
   Simulacrum                         Ice/Necromancy               6
 H - a book of Annihilations {highlevel, unknown}

   This book is beyond your current level of understanding.

   Spells                             Type                      Level
   Poison Arrow                       Conjuration/Poison           6
   Chain Lightning                    Conjuration/Air              8
   Lehudib's Crystal Spear            Conjuration/Earth            8
   Glaciate                           Conjuration/Ice              9
   Fire Storm                         Conjuration/Fire             9


   Skills:
 * Level 4.1 Staves
 - Level 1.4 Armour
 - Level 3.2 Dodging
 - Level 3.0 Stealth
 - Level 3.1 Spellcasting
 + Level 10.9 Summonings
 - Level 5.7 Translocations
 - Level 7.0 Ice Magic
 - Level 5.0 Air Magic
 + Level 0.5 Invocations
 - Level 5.4 Evocations


You had one spell level left.
You knew the following spells:

 Your Spells              Type           Power        Failure   Level  Hunger
a - Summon Small Mammal   Summ           ####         1%          1    None
d - Call Canine Familiar  Summ           #####...     1%          3    ###....
i - Summon Ice Beast      Ice/Summ       #####...     4%          4    ####...
l - Summon Lightning Spi  Summ/Air       ######..     8%          4    ####...
s - Call Imp              Summ           #####...     1%          2    ##.....
A - Apportation           Tloc           ####......   1%          1    None


Dungeon Overview and Level Annotations

Branches:
Dungeon (11/15)            Temple (1/1) D:5            Lair (1/8) D:9
    Orc (0/4) D:10

Altars:
Ashenzari
Cheibriados
Dithmenos
Elyvilon
Fedhas
Gozag
Kikubaaqudgha
Makhleb
Nemelex Xobeh
Okawaru
Qazlal
Ru
Sif Muna
Trog
Vehumet
Xom
Yredelemnul
Zin
The Shining One

Shops:
D:4 }   D:9 ?   D:11 }


Innate Abilities, Weirdness & Mutations

Your natural rate of healing is unusually fast.
You can bottle blood from corpses.
You have razor-sharp teeth.
You have supernaturally acute eyesight.
You can survive without breathing.
Your flesh is cold resistant.
You are covered in fur (AC +1).


Message History

Confirm with . or Enter, or press ? or * to list all spells.
A chill wind blows around you. The raven pecks your ice beast!
The raven claws your ice beast. The raven pecks you but does no damage.
The raven barely misses you. The raven closely misses you.
The raven barely misses you. The raven pecks you. The raven barely misses you.
Unknown command.
Use which ability? (? or * to list)
You channel some magical energy.
You feel somewhat less full. The raven pecks you but does no damage.
The raven claws you.
* * * LOW HITPOINT WARNING * * *
The raven closely misses you. The raven claws you!
* * * LOW HITPOINT WARNING * * *
The raven pecks you!
* * * LOW HITPOINT WARNING * * *
The raven claws you but does no damage. The raven pecks you!
* * * LOW HITPOINT WARNING * * *
The raven barely misses you. The raven pecks you!
* * * LOW HITPOINT WARNING * * *
The raven barely misses you. The raven pecks you!
You die...

# #.### #... ###
.##...# ....
#......##
##.....
#.......###<....
#......Y#...##
#......bQ....#
##....@b.Y...#
#....Yb.....#
#...........#
#...#........##
#
#...##.........#
### ..#
##..##....# ..#
# #..####..##
.... ##.. ##..##
.... #.. ##..##


You could see a tengu warrior, 3 ravens and 3 friendly ice beasts.

Vanquished Creatures
  A hippogriff (Lair:1)
  Edmund (D:6)
  A porcupine (Lair:1)
  A sky beast (D:8)
  A black bear (D:9)
  2 ice beasts
  4 ogres
  2 big kobolds
  5 giant frogs
  2 scorpions
  A wight (D:9)
  A jelly (D:9)
  2 centaur skeletons
  2 centaur zombies
  A crimson imp (D:8)
  An orc priest (D:5)
  2 orc wizards
  2 hounds (D:7)
  2 worker ants
  2 iguanas
  A hound skeleton (D:8)
  13 adders
  3 shadow imps
  A worm (D:2)
  An adder zombie (D:6)
  4 giant geckos
  13 orcs
  2 bat skeletons (D:4)
  3 giant cockroaches
  23 goblins
  14 hobgoblins
  7 jackals
  2 quokkas (Lair:1)
  2 ball pythons (D:3)
  13 bats
  6 giant newts
  A jackal zombie (D:7)
  17 kobolds
  14 rats
  A ballistomycete (D:10)
177 creatures vanquished.

Vanquished Creatures (collateral kills)
  3 unseen horrors
  2 hill giants
  A cyclops (D:11)
  A manticore (D:10)
  An ugly thing (D:11)
  A centaur zombie (D:10)
  A black mamba (Lair:1)
  2 spiny frogs (Lair:1)
  Psyche (D:9)
  A komodo dragon (Lair:1)
  A fire drake (D:9)
  2 wyverns (D:10)
  A deep elf mage (D:10)
  A hungry ghost (D:7)
  3 hippogriffs
  24 yaks
  2 ice beasts
  2 orc warriors
  A water moccasin (D:10)
  A centaur (D:6)
  2 black bears
  2 crocodiles
  An ogre (D:7)
  2 gnoll sergeants (D:10)
  2 scorpions
  5 wights
  An electric eel (Lair:1)
  A crimson imp (D:11)
  4 goliath beetles
  2 hounds (D:10)
  3 jellies
  2 orc priests
  5 orc wizards
  A giant frog skeleton (D:9)
  3 iguanas
  2 worker ants
  A killer bee zombie (D:7)
  3 sheep (D:11)
  Ijyb (D:2)
  A hound zombie (D:6)
  Terence (D:2)
  A hound skeleton (D:6)
  Robin (D:2)
  7 adders
  17 gnolls
  2 giant mites
  A worm (D:3)
  2 giant geckos
  28 orcs
  3 bats
  A giant cockroach (D:5)
  4 hobgoblins
  4 jackals
  3 kobolds
  A giant newt (D:1)
  A rat (D:1)
173 creatures vanquished.

Vanquished Creatures (others)
  9 wolves
  21 ice beasts
  A lightning spire (D:10)
  A crimson imp (D:11)
  5 hounds
  A shadow imp (D:9)
  2 white imps
  3 quokkas (D:1)
  2 giant spores
  3 rats (D:1)
48 creatures vanquished.

Grand Total: 398 creatures vanquished

Notes
Turn   | Place    | Note
--------------------------------------------------------------
     0 | D:1      | PolkaDot, the Vampire Summoner, began the quest for the Orb.
     0 | D:1      | Reached XP level 1. HP: 13/13 MP: 3/3
   351 | D:1      | Reached XP level 2. HP: 13/19 MP: 0/4
   747 | D:1      | Reached skill level 5 in Summonings
   749 | D:1      | Reached XP level 3. HP: 20/24 MP: 6/6
   992 | D:1      | Learned a level 2 spell: Call Imp
   996 | D:1      | Learned a level 3 spell: Call Canine Familiar
  1038 | D:2      | Noticed Robin
  1055 | D:2      | Killed Robin
  1221 | D:2      | Noticed Ijyb
  1227 | D:2      | Killed Ijyb
  1227 | D:2      | Reached XP level 4. HP: 23/30 MP: 3/7
  1434 | D:2      | Noticed Terence
  1448 | D:2      | Killed Terence
  1563 | D:2      | Reached skill level 6 in Summonings
  1661 | D:2      | Found a sparkling altar of Nemelex Xobeh.
  1661 | D:2      | Found an opulent altar of Gozag.
  2078 | D:2      | Reached XP level 5. HP: 35/35 MP: 9/9
  2776 | D:3      | Found a blossoming altar of Fedhas.
  2776 | D:3      | Found a snail-covered altar of Cheibriados.
  3012 | D:4      | Reached skill level 7 in Summonings
  3124 | D:4      | Found Wipt's Gadget Emporium.
  3202 | D:4      | Found a shattered altar of Ashenzari.
  3613 | D:4      | Reached XP level 6. HP: 41/41 MP: 10/10
  3741 | D:5      | Entered Level 5 of the Dungeon
  3944 | D:5      | Reached skill level 8 in Summonings
  4143 | D:5      | Found a staircase to the Ecumenical Temple.
  4152 | Temple   | Entered the Ecumenical Temple
  4536 | D:5      | Reached XP level 7. HP: 33/46 MP: 12/12
  4553 | D:5      | Found a white marble altar of Elyvilon.
  4553 | D:5      | Found a glowing silver altar of Zin.
  4553 | D:5      | Found a glowing golden altar of the Shining One.
  4642 | D:5      | Gained mutation: Your magical capacity is low (-10% MP). [potion of mutation]
  4642 | D:5      | Gained mutation: You are resistant to hostile enchantments. [potion of mutation]
  4643 | D:5      | Lost mutation: You are resistant to hostile enchantments. [potion of cure mutation]
  4643 | D:5      | Lost mutation: Your magical capacity is low (-10% MP). [potion of cure mutation]
  4644 | D:5      | Gained mutation: Your flesh is cold resistant. [potion of beneficial mutation]
  4645 | D:5      | Gained mutation: You are covered in fur (AC +1). [potion of beneficial mutation]
  4962 | D:6      | Reached skill level 9 in Summonings
  5066 | D:6      | Noticed Edmund
  5097 | D:6      | Killed Edmund
  5280 | D:6      | Found a radiant altar of Vehumet.
  5284 | D:6      | Identified Vehumet's Tome of Confrontation
  5290 | D:6      | Found an ancient bone altar of Kikubaaqudgha.
  5294 | D:6      | Identified Kikubaaqudgha's Catalogue of Evil Rites
  5299 | D:6      | Found a deep blue altar of Sif Muna.
  5303 | D:6      | Identified Sif Muna's Incunabulum of Orientation
  5305 | D:6      | Became a worshipper of Sif Muna the Loreminder
  5308 | D:6      | Learned a level 1 spell: Apportation
  5494 | D:6      | Learned a level 4 spell: Summon Ice Beast
  5527 | D:6      | Reached XP level 8. HP: 47/52 MP: 14/14
  5587 | D:6      | Reached skill level 1 in Ice Magic
  5624 | D:6      | Reached skill level 1 in Translocations
  6557 | D:7      | Acquired Sif Muna's first power
  7742 | D:7      | Acquired Sif Muna's second power
  8159 | D:7      | Reached skill level 5 in Ice Magic
  8159 | D:7      | Reached XP level 9. HP: 57/57 MP: 4/16
  8639 | D:8      | Got a smoking bone ring
  8659 | D:8      | Identified the ring of Lauth {+Blink Str+4 SInv} (You took it off an orc on level 8 of the Dungeon)
  9252 | D:9      | Noticed Psyche
  9319 | D:9      | Found Fruis' Magic Scroll Emporium.
  9322 | D:9      | Bought 2 scrolls of enchant armour for 210 gold pieces
  9355 | D:9      | Killed Psyche
  9363 | D:9      | Reached skill level 5 in Translocations
  9422 | D:9      | Found a staircase to the Lair.
  9521 | D:9      | Noticed a fire drake
  9532 | D:9      | Killed a fire drake
  9712 | D:9      | Reached skill level 10 in Summonings
  9717 | D:9      | Reached skill level 1 in Armour
  9723 | D:9      | Acquired Sif Muna's third power
 10476 | Lair:1   | Entered Level 1 of the Lair of Beasts
 10536 | Lair:1   | Noticed a black mamba
 10550 | Lair:1   | Killed a black mamba
 10550 | Lair:1   | Reached XP level 10. HP: 63/63 MP: 4/18
 10556 | Lair:1   | Learned a level 4 spell: Summon Lightning Spire
 10574 | Lair:1   | Reached skill level 1 in Staves
 10604 | Lair:1   | Noticed a spiny frog
 10613 | Lair:1   | Killed a spiny frog
 10613 | Lair:1   | Reached skill level 1 in Air Magic
 10615 | Lair:1   | Reached skill level 1 in Evocations
 10757 | Lair:1   | Noticed a spiny frog
 10766 | Lair:1   | Killed a spiny frog
 11080 | Lair:1   | Noticed a komodo dragon
 11089 | Lair:1   | Killed a komodo dragon
 11661 | D:10     | Entered Level 10 of the Dungeon
 12221 | D:10     | Noticed an unseen horror
 12234 | D:10     | Killed an unseen horror
 12354 | D:10     | Noticed a hill giant
 12363 | D:10     | Killed a hill giant
 12627 | D:10     | Noticed an unseen horror
 12652 | D:10     | Killed an unseen horror
 12652 | D:10     | Reached skill level 5 in Air Magic
 12763 | D:10     | Noticed a manticore
 12780 | D:10     | Killed a manticore
 12982 | D:10     | Found a staircase to the Orcish Mines.
 13257 | D:11     | Noticed a cyclops
 13268 | D:11     | Killed a cyclops
 13269 | D:11     | Reached XP level 11. HP: 68/68 MP: 5/20
 13327 | D:11     | Found Jotet Throa's Quality Used Wands.
 13352 | D:11     | Noticed a hill giant
 13363 | D:11     | Killed a hill giant
 13363 | D:11     | Reached skill level 5 in Evocations
 13494 | D:11     | Noticed an unseen horror
 13506 | D:11     | Killed an unseen horror
 13906 | D:11     | Noticed a cyan ugly thing
 13955 | D:11     | Noticed a tengu warrior
 13957 | D:11     | Killed a cyan ugly thing
 13959 | D:11     | Slain by a raven

Action                   |  1- 3 |  4- 6 |  7- 9 | 10-12 || total
-------------------------+-------+-------+-------+-------++-------
Melee: Unarmed           |    61 |       |       |       ||    61
       Dagger            |    46 |   170 |   326 |       ||   542
       Staff             |       |       |    10 |   150 ||   160
 Cast: Summon Small Mamm |    23 |       |       |       ||    23
       Call Canine Famil |     3 |     7 |    20 |    18 ||    48
       Call Imp          |       |    13 |    17 |    10 ||    40
       Summon Ice Beast  |       |       |    36 |    65 ||   101
       Summon Lightning  |       |       |       |     6 ||     6
Invok: Channel Energy    |       |       |    41 |    64 ||   105
 Abil: Evoke Blink       |       |       |     1 |       ||     1
Evoke: Wand              |       |       |       |    24 ||    24
  Use: Potion            |     2 |     5 |    39 |    13 ||    59
       Scroll            |     4 |       |     9 |     3 ||    16
 Stab: Distracted        |     4 |       |     4 |     5 ||    13
       Sleeping          |     6 |     6 |    10 |     1 ||    23
       Invisible         |       |       |       |     1 ||     1
  Eat: Corpse            |    14 |    19 |    15 |    30 ||    78
